AoeStats
← 15A3L

MegaRandom

508019728Analyzed
3v3 RM · 12d ago on Sep 20, 2026· 63m 22s· 6 players
Game mode
Random Map
Map size
Normal (6 player)
Population
200
Speed
Normal
Resources
Standard
Victory
Conquest
Starting age
Dark Age
Ending age
Imperial Age
RankedLock teamsTeams togetherTeam positionsShared explorationLock speedFull tech treeHidden civsTurbo modeCheats
Victory
Defeat
🇵🇪 Franks · Peru
1175
+12
🇨🇱 Mapuche · Chile
1117
+14
🇺🇸 Shu · United States
1089
+16
🇨🇱 Shu · Chile
1086
-14
🇨🇱 Mongols · Chile
1081
-14
🇷🇸 Poles · Serbia
1078
-14
ivancarrascov
6:53 Loom
9:31 Feudal Age
16:56 Castle Age
15:28 Double-Bit Axe
18:11 Wheelbarrow
18:31 Town Watch
24:19 Ballistics
28:00 Horse Collar
31:03 Forging
32:21 Pikeman
35:15 Hand Cart
40:27 Scale Mail Armor
40:54 Fletching
43:49 Heavy Plow
44:46 Bow Saw
48:24 Imperial Age
46:22 Murder Holes
49:39 Conscription
49:27 Halberdier
51:18 Arson
54:28 Onager
56:37 Chain Mail Armor
61:03 Iron Casting
59:57 Capped Ram
63:10 Blast Furnace
62:40 Plate Mail Armor
oogaboogawherdayat
0:35 Loom
12:51 Feudal Age
13:45 Double-Bit Axe
13:57 Horse Collar
16:31 Fletching
17:44 Padded Archer Armor
24:02 Castle Age
22:54 Stone Mining
22:57 Gold Mining
24:06 Town Watch
24:09 Crossbowman
24:47 Bodkin Arrow
25:07 Leather Archer Armor
26:10 Wheelbarrow
28:25 Masonry
29:43 Gold Shaft Mining
29:59 Ballistics
35:32 Imperial Age
35:47 Hand Cart
36:43 Bracer
37:13 Ring Archer Armor
37:42 Conscription
39:06 Chemistry
38:28 Arbalester
39:16 Thumb Ring
39:40 Bow Saw
41:32 Architecture
43:15 Bolt Magazine
47:04 Arrowslits
51:19 Hoardings
55:55 Siege Engineers
57:33 Capped Ram
58:25 Siege Ram
61:03 Elite White Feather Guard
62:50 Scale Mail Armor
63:00 Forging
62:53 Coiled Serpent Array
15A3L
6:27 Loom
10:52 Feudal Age
11:38 Double-Bit Axe
19:04 Forging
23:02 Scale Barding Armor
25:53 Castle Age
24:45 Gold Mining
27:11 Wheelbarrow
26:51 Bow Saw
27:07 Chain Barding Armor
27:03 Husbandry
28:33 Hand Cart
30:51 Iron Casting
32:59 Stone Mining
34:10 Town Watch
38:54 Fletching
42:58 Imperial Age
41:09 Gold Shaft Mining
45:49 Cavalier
47:08 Plate Barding Armor
47:16 Paladin
48:59 Blast Furnace
48:27 Conscription
49:39 Bodkin Arrow
55:15 Pikeman
55:58 Scale Mail Armor
56:22 Halberdier
58:37 Chain Mail Armor
Doppelgänger
7:21 Loom
10:09 Feudal Age
11:00 Double-Bit Axe
21:38 Castle Age
20:27 Stone Mining
20:26 Horse Collar
22:59 Stone Shaft Mining
23:02 Bow Saw
26:28 Gold Mining
26:34 Fletching
27:09 Padded Archer Armor
28:56 Bodkin Arrow
28:55 Town Watch
30:29 Wheelbarrow
30:36 Husbandry
32:45 Bloodlines
32:03 Pikeman
32:47 Scale Mail Armor
33:28 Forging
33:23 Squires
37:28 Chain Mail Armor
40:04 Imperial Age
39:20 Iron Casting
40:29 Leather Archer Armor
40:47 Heavy Camel Rider
41:39 Scale Barding Armor
43:04 Murder Holes
43:48 Chain Barding Armor
44:28 Blast Furnace
57:06 Siege Engineers
62:02 Gold Shaft Mining
61:51 Bracer
63:24 Ballistics
64:04 Chemistry
Chubi
10:39 Loom
13:30 Feudal Age
14:08 Double-Bit Axe
14:18 Gold Mining
14:20 Horse Collar
18:06 Fletching
18:50 Padded Archer Armor
32:11 Castle Age
32:54 Bodkin Arrow
32:29 Crossbowman
34:51 Leather Archer Armor
38:08 Wheelbarrow
48:44 Imperial Age
48:30 Thumb Ring
49:09 Arbalester
49:51 Bracer
51:17 Ring Archer Armor
51:52 Chemistry
Turco Bain
7:12 Loom
9:43 Feudal Age
10:26 Double-Bit Axe
11:37 Horse Collar
16:28 Forging
17:34 Bloodlines
20:45 Town Watch
22:24 Wheelbarrow
23:20 Scale Barding Armor
27:15 Castle Age
25:49 Gold Mining
27:17 Light Cavalry
28:27 Heavy Plow
28:53 Chain Barding Armor
29:09 Iron Casting
29:18 Husbandry
29:38 Hand Cart
29:54 Stone Mining
30:37 Szlachta Privileges
33:45 Bow Saw
40:30 Imperial Age
40:34 Cavalier
42:20 Blast Furnace
41:48 Conscription
42:23 Crop Rotation
44:15 Fletching
45:56 Bodkin Arrow
47:18 Coinage
47:51 Chemistry
48:26 Lechitic Legacy
48:46 Masonry
48:43 Winged Hussar
57:11 Elite Obuch
60:05 Bracer
Connection lost

Rejoining the realm…

Still unreachable

The connection could not be restored.

Session expired

The server has moved on; the page needs a fresh start.